 Dungeon Crawl Stone Soup version 0.30-a0-586-g23e55c9e0a (webtiles) character file.

Game seed: 9321158786100352006

170 M4edhros the Charlatan (level 5, -2/34 HPs)
             Began as an Octopode Artificer on Jan 3, 2023.
             Slain by an orc
             ... wielding a +0 vampiric hand axe
              (7 damage)
             ... on level 4 of the Dungeon.
             The game lasted 00:02:10 (1174 turns).

M4edhros the Charlatan (Octopode Artificer)         Turns: 1174, Time: 00:02:10

Health: -2/34      AC:  1    Str: 17    XL:     5   Next: 51%
Magic:  5/5        EV: 14    Int: 14    God:
Gold:   177        SH:  0    Dex: 14    Spells: 4/4 levels left

rFire   . . .      SeeInvis .      - Unarmed
rCold   . . .      Faith    .    a - orb {light}
rNeg    . . .      Spirit   .    (helmet restricted)
rPois   +          Reflect  .    (no amulet)
rElec   .          Harm     .    e - +6 ring of strength
rCorr   +          Rampage  .    f - ring of poison resistance
Will    .....                    i - ring of resist corrosion
Stlth   ++                       (no ring)
HPRegen 0.25/turn                (no ring)
MPRegen 0.09/turn                (no ring)
                                 (no ring)
                                 (no ring)

@: glowing
A: almost no armour, amphibious, 8 rings, camouflage 1, gelatinous body 1,
(nimble swimmer 1), tentacles
a: no special abilities


You were on level 4 of the Dungeon.
You visited 1 branch of the dungeon, and saw 4 of its levels.

You collected 177 gold pieces.

Inventory:

Hand Weapons
 g - a +1 heavy sling
Armour
 a - an orb of light (worn)
Jewellery
 e - a +6 ring of strength (left tentacle)
 f - a ring of poison resistance (right tentacle)
 i - a ring of resist corrosion (on tentacle)
Wands
 b - a wand of flame (14) (quivered)
 c - a wand of charming (11)
 d - a wand of iceblast (4)
Scrolls
 h - a scroll of amnesia {unknown}
 k - 2 scrolls of identify {unknown}
 m - a scroll of brand weapon {unknown}
Potions
 j - a potion of cancellation {unknown}
 l - a potion of degeneration {unknown}


   Skills:
 + Level 2.1 Fighting
 + Level 3.2 Dodging
 + Level 3.1 Stealth
 * Level 2.7 Unarmed Combat
 + Level 4.0 Evocations


You had 4 spell levels left.
You didn't know any spells.
Your spell library was empty.

Dungeon Overview and Level Annotations

Branches:
Dungeon (4/15)
 Temple: D:4-7

Altars:
Okawaru

Shops:
D:1 (


Innate Abilities, Weirdness & Mutations

You cannot wear most types of armour.
You are amphibious.
You can wear up to eight rings at the same time.
Your skin changes colour to match your surroundings (Stealth+).
Your rubbery body absorbs attacks. (AC +1, EV +1)
((You are camouflaged when in or above water. (Stealth+)))
You have tentacles for arms and can constrict up to eight enemies at once.


Message History

What are your orders? t - Shout!
Orders for allies: a - Attack new target. p - Attack previous target. r - Retreat! s - Stop attacking. g - Guard the area. f - Follow me.
Anything else - Cancel.
Guard this area!
You swap places.
You now have 177 gold pieces (gained 4).
Things that are here:
a +0 club; 9 stones; a +0 scale mail An orc comes into view.
It is wielding a +0 short sword.
Found 16 gold pieces.
The orc shouts!
You hear a shout!
The orc throws a stone.
The stone misses you.
You hear a shout!
An orc wizard and an orc come into view.
The orc is wielding a +0 vampiric hand axe.
Found a chain mail and a large rock.
The orc wizard mumbles some strange words.
The orc wizard flickers and vanishes!
Deactivating autopickup; reactivate with Ctrl-A.
The orc throws a stone.
The stone closely misses you.
You hear a shout!
An orc comes into view. It is wielding a +0 whip.
The orc barely misses you.
You tentacle-slap the orc. You grab the orc.
The orc is lightly wounded.
You constrict the orc. The orc barely misses you.
You tentacle-slap the orc.
You kill the orc!
You tentacle-slap the orc but do no damage.
You grab the orc. You constrict the orc. The orc barely misses you.
You tentacle-slap the orc.
You tentacle-slap the orc, but do no damage.
You squeeze the orc, but do no damage.
The orc is moderately wounded.
You constrict the orc.
The orc hits you with a +0 vampiric hand axe!
You die...

...# #.##...# ##.#
#.##...# #...#.#
###<..###..)###....$.
##.# #....##(..8#
#...###...##..8.# .#
#.....## .... .#
###o#)†####o#######.
#..........)o....[..
#.......#....@...#
#........#.########
#..........#
.>.......###
.........# #.#...#...
##.#...#


You could see an orc wizard (invisible) and an orc.

Vanquished Creatures
  A water moccasin zombie (D:4)
  3 hound zombies (D:4)
  A howler monkey zombie (D:4)
  2 adders (D:3)
  An adder skeleton (D:4)
  An adder zombie (D:4)
  2 dart slugs
  4 orcs (D:4)
  4 ball pythons
  2 endoplasms
  A giant cockroach (D:2)
  4 goblins
  2 hobgoblins
  A quokka (D:2)
  A bat (D:1)
  A kobold (D:1)
  3 rats
34 creatures vanquished.

Vanquished Creatures (others)
  A ball python (D:1)
  A hobgoblin (D:4)
  A rat (D:1)
3 creatures vanquished.

Grand Total: 37 creatures vanquished

Notes
Turn   | Place    | Note
-------+----------+-------------------------------------------
     0 | D:1      | M4edhros the Octopode Artificer began the quest for the
                  | Orb.
     0 | D:1      | Reached XP level 1. HP: 13/13 MP: 1/1
   111 | D:1      | Found Apeshress's Weapon Boutique.
   224 | D:1      | Found a faded altar of an unknown god.
   286 | D:1      | Reached XP level 2. HP: 3/18 MP: 2/2
   398 | D:2      | Reached skill level 1 in Unarmed Combat
   530 | D:3      | Reached XP level 3. HP: 14/23 MP: 3/3
   760 | D:4      | Reached XP level 4. HP: 11/29 MP: 4/4
   903 | D:4      | Found an iron altar of Okawaru.
   937 | D:4      | Reached XP level 5. HP: 23/34 MP: 5/5
   940 | D:4      | Reached skill level 4 in Evocations
  1150 | D:4      | Noticed an orc warrior
  1154 | D:4      | HP: 1/34 [orc warrior/+0 halberd (2)]
  1174 | D:4      | Slain by an orc

Illustrated notes

Levels and vault maps discovered:
D:1:      psy_arrival_basics, layout_loops_cross, ebering_ecumenical_altar_mist,
          serial_shops, nicolae_shop_bloodbath_and_beyond
D:2:      layout_rooms, kennysheep_boxes
D:3:      layout_rooms, nicolae_overflow_hidden_temple,
          kennysheep_cluttered_room
D:4:      layout_loops_ring, lemuel_crystal_altar,
          mainiacjoe_overflow_concentric_impassable, serial_undead,
          serial_undead_b, serial_undead_c, serial_undead_a, serial_undead_c,
          guppyfry_early_orc_mine

Skill      XL: |  1  2  3  4  5 |
---------------+----------------+-----
Unarmed Combat | 1 2 |  2.7
Stealth        | 2 3 |  3.1
Fighting       | 2 |  2.1
Dodging        | 3 |  3.2
Evocations     | 4 |  4.0

Action                   |  1- 3 |  4- 6 || total
-------------------------+-------+-------++-------
Melee: Unarmed           |    46 |    31 ||    77
       Constrict         |    15 |    11 ||    26
       Tentacles         |     8 |    10 ||    18
       Punch             |       |     1 ||     1
Evoke: Wand              |     3 |     3 ||     6
 Stab: Sleeping          |     3 |       ||     3
Armor: Skin              |     2 |     2 ||     4
Dodge: Dodged            |    25 |    21 ||    46

Table legend: (Time is in decaauts)
 A = Elapsed time spent in this place.
 B = Non-inter-level travel time spent in this place.
 C = Inter-level travel time spent in this place.
 D = Time resting spent in this place.
 E = Time spent auto-exploring this place.
 F = Levels seen in this place.
 G = Mean time per level.
                   A        B        C        D        E       F      G
               +--------+--------+--------+--------+--------+-----+--------+
         Total |   1169 |   1156 |     13 |    119 |    790 |   4 |  292.2 |
       Dungeon |   1169 |   1156 |     13 |    119 |    790 |   4 |  292.2 |
               +--------+--------+--------+--------+--------+-----+--------+

Top non-repeatable levels by time:
     D:4: 460 daAuts
     D:1: 390 daAuts
     D:3: 251 daAuts
     D:2: 67 daAuts
